 Dungeon Crawl Stone Soup version 0.29.0-11-gd7f09526c8 (webtiles) character file.

Game seed: 1471702523559693092

907 LustLizard the Magician (level 8, 0/50 HPs)
             Began as a Djinni Ice Elementalist on Sept 3, 2022.
             Killed from afar by a white imp (10 damage)
             ... with a puff of frost
             ... on level 5 of the Dungeon.
             The game lasted 00:11:21 (6586 turns).

LustLizard the Magician (Djinni Ice Elementalist)   Turns: 6586, Time: 00:11:22

Health: 0/50       AC:  3    Str:  7    XL:     8   Next: 29%
Gold:   7          EV: 12    Int: 20    God:
                   SH:  0    Dex: 13

rFire   + + .      SeeInvis .   k - +1 short sword (venom)
rCold   x . .      Faith    .   (no shield)
rNeg    . . .      Spirit   .   a - +0 robe
rPois   ∞          Reflect  .   (no helmet)
rElec   .          Harm     .   g - +0 cloak
rCorr   .          Rampage  .   (no gloves)
Will    .....                   (boots unavailable)
Stlth   ++........              (no amulet)
HPRegen 0.16/turn               (no ring)
MPRegen 0.00/turn               (no ring)

@: flying
A: sickness immunity, fire resistance 2, cold vulnerability 1, float, innate
caster, HP casting, extra vitality 1
a: no special abilities


You were on level 5 of the Dungeon.
You visited 1 branch of the dungeon, and saw 5 of its levels.

You collected 158 gold pieces.
You spent 151 gold pieces at shops.

Inventory:

Hand Weapons
 c - a +0 club
 k - a +1 short sword of venom (weapon)
Armour
 a - a +0 robe (worn)
 g - a +0 cloak (worn)
 w - a +2 ring mail of cold resistance
Jewellery
 m - a ring of protection from cold
Wands
 t - a wand of mindburst (13) (quivered)
Scrolls
 d - 2 scrolls of teleportation
 e - 3 scrolls of identify
 f - 2 scrolls of noise {unknown}
 i - a scroll of magic mapping {unknown}
 j - a scroll of summoning {unknown}
 o - 2 scrolls of enchant armour {unknown}
 p - 3 scrolls of enchant weapon {unknown}
 q - a scroll of torment {unknown}
 s - 2 scrolls of poison {unknown}
Potions
 b - 5 potions of curing
 h - 2 potions of might
 l - a potion of invisibility
 n - a potion of haste
 r - a potion of resistance
 u - 2 potions of attraction
 v - 2 potions of degeneration
 x - a potion of brilliance
 z - a potion of magic {unknown}


   Skills:
 - Level 2.1 Dodging
 - Level 4.0 Stealth
 + Level 7.0 Spellcasting


You had 4 spell levels left.
You knew the following spells:

 Your Spells              Type           Power      Damage    Failure   Level
a - Freeze                Ice            100%       1d11      1%          1
b - Frozen Ramparts       Ice            70%        1d11      1%          3
c - Ozocubu's Armour      Ice            35%        N/A       1%          3
d - Hailstorm             Conj/Ice       35%        3d9       5%          4
e - Slow                  Hex            100%       N/A       1%          1
f - Passwall              Tmut/Erth      29%        N/A       1%          2
g - Mephitic Cloud        Conj/Pois/Air  35%        N/A       1%          3
Your spell library was empty.

Dungeon Overview and Level Annotations

Branches:
Dungeon (5/15)
 Temple: D:4-7

Altars:
Elyvilon
Xom

Shops:
D:1 (   D:2 ?*:[=   D:4 *

Annotations:
D:4 Blork the orc


Innate Abilities, Weirdness & Mutations

You are immune to sickness and miasma.
You are immune to poison.
Your flesh is very heat resistant. (rF++)
You are vulnerable to cold. (rC-)
You float through the air rather than walking.
You learn spells naturally, not from books.
Your magical power is your life essence.
You have superior vitality. (+4 MHP)


Message History

The puff of frost hits you!
You feel a terrible chill!
* * * LOW HITPOINT WARNING * * *
Casting: Freeze (safe; 1% risk of failure)
Confirm with . or Enter, or press ? or * to list all spells.
Aiming: Freeze (safe; 1% risk of failure)
Press: ? - help, Shift-Dir - straight line, f/p - white imp
Aim: a white imp (heavily wounded)
You freeze the white imp.
The white imp resists.
The white imp is heavily wounded.
* * * LOW HITPOINT WARNING * * *
The white imp closely misses you.
Casting: Freeze (safe; 1% risk of failure)
Confirm with . or Enter, or press ? or * to list all spells.
Aiming: Freeze (safe; 1% risk of failure)
Press: ? - help, Shift-Dir - straight line, f/p - white imp
Aim: a white imp (heavily wounded)
You freeze the white imp.
The white imp resists.
The white imp is heavily wounded.
* * * LOW HITPOINT WARNING * * *
The white imp barely misses you.
Casting: Freeze (safe; 1% risk of failure)
Confirm with . or Enter, or press ? or * to list all spells.
Aiming: Freeze (safe; 1% risk of failure)
Press: ? - help, Shift-Dir - straight line, f/p - white imp
Aim: a white imp (heavily wounded)
You freeze the white imp.
The white imp resists.
The white imp is severely wounded.
* * * LOW HITPOINT WARNING * * *
The white imp hits you but does no damage.
Casting: Freeze (safe; 1% risk of failure)
Confirm with . or Enter, or press ? or * to list all spells.
Aiming: Freeze (safe; 1% risk of failure)
Press: ? - help, Shift-Dir - straight line, f/p - white imp
Aim: a white imp (severely wounded)
You freeze the white imp.
The white imp resists.
The white imp is almost dead.
* * * LOW HITPOINT WARNING * * *
The white imp gestures at you. The puff of frost hits you!
You feel a terrible chill!
You die...

#####.### ≈≈ #. .. ..
.. #.. .# #.. . .# #..
... .# .>
.....#####5#####. #.##
.........@....... ....#
.....###)..#####. #.#.#
... #.### ..#.# # #.#
..#.##### #.# ........#
#.# ### ....###.# #.#
...##
#..†....#######.#.....#
...<.##................


You could see a white imp.

Vanquished Creatures
  2 black bears (D:5)
  A phantom (D:4)
  4 scorpions
  4 vampire bats (D:4)
  3 hounds
  Terence (D:2)
  An orc wizard (D:3)
  2 adders
  4 worms
  5 dart slugs
  4 orcs
  3 endoplasms
  9 goblins
  10 hobgoblins
  4 quokkas
  5 ball pythons
  14 bats
  7 frilled lizards
  13 kobolds
  6 rats
102 creatures vanquished.

Notes
Turn   | Place    | Note
-------+----------+-------------------------------------------
     0 | D:1      | LustLizard the Djinni Ice Elementalist began the quest for
                  | the Orb.
     0 | D:1      | LustLizard set off with the following spells memorised:
                  | Freeze, Frozen Ramparts, Ozocubu's Armour, Hailstorm.
     0 | D:1      | Reached XP level 1. HP: 15/15 MP: 0/0
   420 | D:1      | Reached XP level 2. HP: 9/21 MP: 0/0
   986 | D:1      | Found Hula's Antique Weapon Boutique.
  1118 | D:1      | Reached XP level 3. HP: 23/25 MP: 0/0
  1118 | D:1      | Learned a level 1 spell: Slow
  1685 | D:2      | Found Wuec's General Store.
  1923 | D:2      | Bought a potion of curing for 39 gold pieces
  2112 | D:2      | Noticed Terence
  2263 | D:2      | Found a white marble altar of Elyvilon.
  2315 | D:2      | Found Kiehuluz's Jewellery Shoppe.
  2446 | D:2      | Found Ymmeduk's Armour Shoppe.
  2453 | D:2      | Reached XP level 4. HP: 14/31 MP: 0/0
  2740 | D:2      | Found Rifou's Book Emporium.
  2852 | D:2      | Found Geotwata's Magic Scroll Boutique.
  2856 | D:2      | Bought a scroll of identify for 28 gold pieces
  2927 | D:2      | Found a faded altar of an unknown god.
  3687 | D:3      | Reached skill level 4 in Spellcasting
  3699 | D:3      | Reached XP level 5. HP: 24/35 MP: 0/0
  3699 | D:3      | Learned a level 2 spell: Passwall
  4360 | D:4      | Found Ajewkirac's Assorted Antiques.
  4394 | D:4      | Bought an inky potion for 26 gold pieces
  4394 | D:4      | Bought a scroll labelled MUXEUN ZUREFUZ for 29 gold pieces
  4443 | D:4      | Noticed Blork the orc
  4495 | D:4      | Found a large runed translucent door.
  4496 | D:4      | Found a large runed translucent door.
  4506 | D:4      | Found a shimmering altar of Xom.
  4582 | D:4      | Reached XP level 6. HP: 30/40 MP: 0/0
  4760 | D:4      | Reached skill level 5 in Spellcasting
  4771 | D:4      | Reached XP level 7. HP: 27/45 MP: 0/0
  4771 | D:4      | Learned a level 3 spell: Mephitic Cloud
  5462 | D:2      | Killed Terence
  5701 | D:4      | Bought a scroll labelled ZAXAISK QEGI for 29 gold pieces
  5712 | D:5      | Entered Level 5 of the Dungeon
  5722 | D:5      | Reached skill level 6 in Spellcasting
  5812 | D:4      | HP: 2/45 [phantom (5)]
  6150 | D:5      | Reached XP level 8. HP: 25/50 MP: 0/0
  6454 | D:5      | Reached skill level 7 in Spellcasting
  6586 | D:5      | Killed from afar by a white imp

Illustrated notes

Levels and vault maps discovered:
D:1:      dpeg_arrival_arbitrary_a, layout_loops_ring, serial_shops,
          nicolae_shop_hallway_plus
D:2:      layout_loops_ring, basic_altar, shapermc_ecumenical_altar_pompeii,
          serial_shops, shop, shop, shop_statue, nicolae_shop_trees, shop,
          dk_noncrumbling_2, minmay_tetromino_t2, uniq_terence
D:3:      layout_basic
D:4:      due_chaos_kobolds, layout_basic, serial_shops, shop,
          eino_tiny_chamber, chequers_serial_rivers_room_a, roderic_batcave,
          uniq_sigmund, uniq_blork_the_orc
D:5:      layout_loops_cross, mainiacjoe_overflow_alcove_4,
          mainiacjoe_overflow_concentric_impassable, minmay_temple_entry_arrows

Skill      XL: |  1  2  3  4  5  6  7  8 |
---------------+-------------------------+-----
Stealth        | 2 3 4 |  4.0
Spellcasting   | 4 5 6 7 |  7.0
Dodging        | |  2.1

Action                   |  1- 3 |  4- 6 |  7- 9 || total
-------------------------+-------+-------+-------++-------
Melee: Club              |    51 |    25 |       ||    76
       Unarmed           |     1 |       |       ||     1
       Short sword       |       |    86 |    70 ||   156
       Punch             |       |       |     2 ||     2
 Cast: Freeze            |    49 |     5 |     7 ||    61
       Frozen Ramparts   |       |     8 |    10 ||    18
       Ozocubu's Armour  |       |       |     3 ||     3
       Mephitic Cloud    |       |       |     2 ||     2
Evoke: Wand              |       |       |     1 ||     1
  Use: Scroll            |     1 |     4 |     3 ||     8
 Stab: Sleeping          |     7 |     4 |     1 ||    12
Armor: Robe              |    24 |    40 |    33 ||    97
Dodge: Dodged            |    58 |    81 |    68 ||   207
